[Event "Early-Titled-Tuesday-Blitz-November-28-2023"]
[Site "Chess.com"]
[Date "2023.11.28"]
[Round "3"]
[White "Atousa1"]
[Black "lluiss"]
[Result "1-0"]
[WhiteElo "2453"]
[BlackElo "2212"]
[TimeControl "180+1"]
[EndTime "8:28:53 PST"]
[Termination "Atousa1 won on time"]

1. e4 c5 2. Nf3 d6 3. d4 cxd4 4.
Nxd4 Nf6 5. Nc3 g6 6. Bc4 Bg7 7. O-O O-O 8. h3 Nc6 9. Be3 Bd7 10. f4 Rc8 11. Bb3 a6 12. Kh1 b5 13. a3 Na5 14.
Qf3 Nc4 15. Bxc4 Rxc4 16. Rad1 Qa8 17. e5 dxe5 18. fxe5 Nh5 19. e6 Rxd4 20. Bxd4 Bxe6 21. Bxg7 Kxg7 22. Qe3 Qb8 23. Ne2 Bc4 24. Nf4 Bxf1 25. Nxh5+ gxh5 26. Rxf1 Qd6 27. Qg5+ Qg6 28. Qxe7 Qxc2 29.
Qe5+ Kg8 30. Rf3 h4 31. Rf4 f5 32. Rd4 f4 33. Qe6+ Kh8 34. Qe7 Qf5 35. Rd7 Qg6 36.
Qxf8+ 1-0

[Event "Early-Titled-Tuesday-Blitz-November-28-2023"]
[Site "Chess.com"]
[Date "2023.11.28"]
[Round "3"]
[White "Jojo_898"]
[Black "KejJaj"]
[Result "1-0"]
[WhiteElo "2379"]
[BlackElo "2144"]
[TimeControl "180+1"]
[EndTime "8:28:54 PST"]
[Termination "Jojo_898 won by resignation"]

1. e4 c5 2. Nf3 d6 3. c3 Nf6 4.
Bd3 Bg4 5. h3 Bxf3 6. Qxf3 Nc6 7. Bc2 g6 8. O-O Bg7 9. Rd1 Nd7 10. Qe3 e5 11. Na3 O-O 12. d3 a6 13. Nc4 b5 14.
Nxd6 Qc7 15. Nf5 gxf5 16. exf5 Kh8 17. Qf3 Nf6 18. Bg5 Rg8 19. Bb3 Na5 20. Bc2 Rad8 21.
Rac1 Nb7 22. Qe3 Rde8 23. Bb3 Nd6 24. Qf3 h6 25. Bh4 Kh7 26. g4 Qd7 27. Bg3 Qb7 28.
Qe3 Nd5 29. Qf3 Nf6 30. Qxb7 Nxb7 31. Bxf7 Rgf8 32. Bxe8 Rxe8 33. Re1 Nd7 34. d4 cxd4 35. cxd4 e4 36. Rc7 Re7 37. Rxb7 Bxd4 38. Rd1 Bxb2 39. Rdxd7 Rxd7 40. Rxd7+ Kg8 41. Ra7 1-0

[Event "Early-Titled-Tuesday-Blitz-November-28-2023"]
[Site "Chess.com"]
[Date "2023.11.28"]
[Round "3"]
[White "Alexander_Donchenko"]
[Black "Let_it_be_1"]
[Result "1-0"]
[WhiteElo "2870"]
[BlackElo "2664"]
[TimeControl "180+1"]
[EndTime "8:28:56 PST"]
[Termination "Alexander_Donchenko won by resignation"]

1. Nf3 d5 2. g3 Nf6 3. Bg2 e6 4. O-O Be7 5. c4 O-O 6. d4 dxc4 7. Qc2 a6 8. a4 Bd7 9. Qxc4 Bc6 10. Bf4 Nbd7 11.
Nc3 Nb6 12. Qb3 Nfd5 13. Bd2 Nxc3 14. bxc3 Bd5 15. Qc2 f5 16. Ne5 Bxg2 17. Kxg2 c5 18. a5 Nc4 19. Nxc4 Qd5+ 20. Kg1 Qxc4 21. Qa2 Qxa2 22. Rxa2 cxd4 23. cxd4 Rfd8 24. e3 Rac8 25. Rb1 Rc7 26. Rab2 Rdd7 27. Kf1 Kf7 28. Ke2 Ke8 29. f3 Kd8 30. g4 fxg4 31. fxg4 Kc8 32. Rb6 e5 33. Kd3 exd4 34. e4 Bd6 35. h4 Be5 36. Rf1 Rf7 37. Rf5 Rxf5 38. exf5 Rc6 39. Rb1 Kc7 40. Re1 Bd6 41. Kxd4 b6 42. axb6+ Kxb6 43. Kd5 Bg3 44. Rb1+ Kc7 45. Ba5+ Kd7 46. Rb7+ Bc7 47. g5 Rc1 48. h5 Kd8 49. Rxc7 Rxc7 50. Bxc7+ Kxc7 51. f6 gxf6 52. g6 hxg6 53. hxg6 1-0

[Event "Early-Titled-Tuesday-Blitz-November-28-2023"]
[Site "Chess.com"]
[Date "2023.11.28"]
[Round "3"]
[White "ilushka"]
[Black "JSPrepz"]
[Result "0-1"]
[WhiteElo "2402"]
[BlackElo "2839"]
[TimeControl "180+1"]
[EndTime "8:28:57 PST"]
[Termination "JSPrepz won by resignation"]

1. Nf3 g6 2. e4 Bg7 3. d4 Nc6 4. d5 Ne5 5. Nxe5 Bxe5 6. f4 Bg7 7. Nc3 d6 8. Be3 c6 9. dxc6 bxc6 10. Qd2 Rb8 11.
Rb1 Qa5 12. Bd4 Nf6 13. e5 Nd5 14. exd6 Bxd4 15. Qxd4 O-O 16. Qa4 Qxa4 17. Nxa4 exd6 18. g3 Bf5 19. Kd2 Rb4 20. Nc3 Rd4+ 21. Bd3 Nb4 22. Ne2 Rd5 23. Nc3 Rc5 24. Bxf5 Rxf5 25. a3 Nd5 26.
Ne4 Rd8 27. Rhf1 Nb6 28. Rbd1 Nc4+ 29. Kc3 Ne3 30. Rxd6 Rxd6 31. Nxd6 Nxf1 32. Nxf5 gxf5 33. b4 Nxh2 34. Kc4 Nf1 35. Kc5 Nxg3 36. Kxc6 h5 37. b5 h4 38. a4 h3 39. a5 h2 40. b6 h1=Q+ 0-1

[Event "Early-Titled-Tuesday-Blitz-November-28-2023"]
[Site "Chess.com"]
[Date "2023.11.28"]
[Round "3"]
[White "RETURNOFTHELAGGER"]
[Black "Chessmissile07"]
[Result "1-0"]
[WhiteElo "2681"]
[BlackElo "2855"]
[TimeControl "180+1"]
[EndTime "8:28:58 PST"]
[Termination "RETURNOFTHELAGGER won by checkmate"]

1. e4 a6 2. d4 e6 3. Nf3 d5 4. e5 h6 5. c3 c5 6. Bd3 Qb6 7. O-O Bd7 8. dxc5 Qxc5 9. a4 Qc7 10.
Re1 Nc6 11. Bf4 g5 12. Bg3 Bg7 13. h3 Nge7 14. Nbd2 h5 15. Nxg5 Bxe5 16. Rxe5 Nxe5 17. Ndf3 N7c6 18. Qe2 f6 19. Nh7 O-O-O 20. Nxf6 Nxf3+ 21. Qxf3 Qb6 22. b4 Rhf8 23. b5 e5 24. Nxd7 Kxd7 25. bxc6+ Qxc6 26. Bf5+ Kd6 27. Qxh5 Qxc3 28. Qh6+ Kc7 29.
Rc1 d4 30. Bxe5+ Rd6 31. Qxd6# 1-0

[Event "Early-Titled-Tuesday-Blitz-November-28-2023"]
[Site "Chess.com"]
[Date "2023.11.28"]
[Round "3"]
[White "jefferyx"]
[Black "BardArtem"]
[Result "1-0"]
[WhiteElo "3021"]
[BlackElo "2769"]
[TimeControl "180+1"]
[EndTime "8:29:00 PST"]
[Termination "jefferyx won by checkmate"]

1. e4 c6 2. d4 d5 3. e5 Bf5 4. Nf3 e6 5. Be2 c5 6. Be3 Qb6 7. Nc3 Nc6 8. O-O Qxb2 9. Qe1 cxd4 10. Nxd4 Bb4 11. Ndb5 a6 12. Rb1 Qxc2 13. Rxb4 axb5 14. Bd1 Qd3 15. Be2 Qc2 16. Nxb5 Nxb4 17. Qxb4 Ne7 18. Re1 O-O 19. Qxe7 Qxa2 20. h4 Qb2 21. Nd4 Ra1 22.
Rxa1 Qxa1+ 23. Kh2 Qb1 24. Qc7 Qe4 25. Kg3 h6 26.
Bf3 Qb1 27. Qe7 Be4 28. Bg4 Qf1 29. Bh3 b5 30. Bxh6 b4 31. Nxe6 Rb8 32. Ng5 Bg6 33. e6 Rf8 34. exf7+ Bxf7 35. Be6 gxh6 36. Bxf7+ Kg7 37.
Qe5# 1-0

[Event "Early-Titled-Tuesday-Blitz-November-28-2023"]
[Site "Chess.com"]
[Date "2023.11.28"]
[Round "3"]
[White "Chessdude1987"]
[Black "Kotlyar_K"]
[Result "1-0"]
[WhiteElo "2336"]
[BlackElo "2655"]
[TimeControl "180+1"]
[EndTime "8:29:01 PST"]
[Termination "Chessdude1987 won by resignation"]

1. e4 e5 2. f4 d5 3. exd5 exf4 4. Nf3 Nf6 5. c4 c6 6. d4 cxd5 7. Bxf4 Bb4+ 8. Nc3 O-O 9. Bd3 Re8+ 10. Ne5 Nc6 11. O-O dxc4 12. Nxc6 bxc6 13. Bxc4 Qa5 14. Be5 Nd5 15.
Qf3 Be6 16. Ne4 Rad8 17. a3 Be7 18. b4 Qb6 19. Qg3 f6 20. Nc5 Bxc5 21. dxc5 Qb7 22. Bb2 Qf7 23. Rae1 Nc7 24. Rxf6 Qd7 25. Rfxe6 Rxe6 26. Rxe6 Nxe6 27. Bxe6+ Kf8 28. Bxd7 Rxd7 29. Qf4+ Rf7 30. Qd6+ Re7 31. Bxg7+ Kf7 32. Qf6+ Ke8 33. Qxe7+ Kxe7 34. Kf2 Kf7 35. Bb2 Ke6 36. Ke3 Kd5 37. Kd3 a6 38. a4 h5 39. g3 Ke6 40. Ke4 1-0

[Event "Early-Titled-Tuesday-Blitz-November-28-2023"]
[Site "Chess.com"]
[Date "2023.11.28"]
[Round "3"]
[White "averageFM"]
[Black "kuli4ik"]
[Result "0-1"]
[WhiteElo "2627"]
[BlackElo "2864"]
[TimeControl "180+1"]
[EndTime "8:29:02 PST"]
[Termination "kuli4ik won on time"]

1. e4 g6 2. d4 Bg7 3. Nf3 d6 4. Be2 Nf6 5. Nc3 O-O 6. O-O Nc6 7. d5 Nb8 8. a4 Bg4 9. h3 Bxf3 10. Bxf3 a5 11.
Re1 Nfd7 12. Be3 c6 13. Bd4 Na6 14. Bxg7 Kxg7 15. Qd4+ Kg8 16. Ne2 Qb6 17. Qxb6 Nxb6 18. Nd4 Rfc8 19. e5 cxd5 20. exd6 e6 21. Ra3 Nc4 22.
Rb3 Nxd6 23. Rb6 Rd8 24. Nb5 Nc4 25. Rxb7 Nxb2 26. Nc7 Nxc7 27. Rxb2 Na6 28. Rb5 Nb4 29. c4 Ra7 30. cxd5 exd5 31. Rd1 d4 32. Bb7 d3 33. f4 d2 34. Kf2 Na2 35. Rb3 Rxb7 36. Rxb7 Nc3 37.
Rxd2 Rxd2+ 38. Kf3 Rd3+ 39. Kg4 Kg7 40. f5 Rd4+ 41. Kf3 Rxa4 42. g4 Ne4 43. Kf4 Nd6+ 44.
Kg5 h6+ 0-1

[Event "Early-Titled-Tuesday-Blitz-November-28-2023"]
[Site "Chess.com"]
[Date "2023.11.28"]
[Round "3"]
[White "NovoselovRoman"]
[Black "ActorXu"]
[Result "1-0"]
[WhiteElo "2553"]
[BlackElo "2833"]
[TimeControl "180+1"]
[EndTime "8:29:02 PST"]
[Termination "NovoselovRoman won on time"]

1. e4 c5 2. Nc3 Nc6 3. g3 g6 4. Bg2 Bg7 5. d3 e6 6. Be3 d6 7. Nge2 Nge7 8. Qd2 Nd4 9. O-O-O Nec6 10. Bh6 Bf6 11.
g4 Qa5 12. Kb1 Nb4 13. a3 Nbxc2 14. g5 Be5 15. f4 Qb6 16. Nxd4 Nxa3+ 17. Ka2 cxd4 18.
Na4 Qa6 19. bxa3 Qxa4 20. fxe5 Bd7 21. exd6 e5 22. Qb4 Qc2+ 23. Qb2 Be6+ 24. Ka1 Rc8 25. Bg7 Rg8 26. Bxe5 Qa4 27. Rc1 f6 28. Bxf6 Kf7 29.
Rc7+ Rxc7 30. dxc7 Rc8 31. Rc1 b5 32. Qb4 1-0

[Event "Early-Titled-Tuesday-Blitz-November-28-2023"]
[Site "Chess.com"]
[Date "2023.11.28"]
[Round "3"]
[White "MightyGMpretender"]
[Black "Hikaru"]
[Result "0-1"]
[WhiteElo "2813"]
[BlackElo "3223"]
[TimeControl "180+1"]
[EndTime "8:29:03 PST"]
[Termination "Hikaru won by resignation"]

1. Nf3 d5 2. e3 c5 3. b3 f6 4. d4 Nc6 5. Bb2 Bg4 6. Be2 e6 7. O-O Qc7 8. c4 dxc4 9. bxc4 O-O-O 10. Nc3 cxd4 11. Nb5 Qb6 12. Nfxd4 Nxd4 13. Bxd4 Bxe2 14. Qxe2 Bc5 15. a4 a6 16. Rab1 Ne7 17. a5 Qc6 18.
Na7+ Bxa7 19. Bxa7 Qe4 20. Rb6 Nc6 21. Rfb1 Nxa7 22.
Rxb7 Qxb7 23. Rxb7 Kxb7 24. h4 Rd7 25. Qb2+ Ka8 26.
Qb6 e5 27. Qxa6 Rc8 28. h5 h6 29. Qe6 Rdc7 30. Qg4 Nc6 31. Qe6 Ka7 32. c5 Rb8 33. Qd6 Rbb7 34. Qe6 Nxa5 35. Qa2 Rxc5 36. g3 Rbc7 37. Qa4 Kb6 38. Qe8 Nc6 39. Qe6 Re7 40.
Qd6 e4 41. Kg2 Rxh5 42. Qa3 Rb5 43. Qc1 h5 44. Qh1 g6 45. Qd1 Kc7 46. Qc2 g5 47.
Qc3 Rbe5 48. Qc1 h4 49. Kh3 hxg3 50. fxg3 f5 51. g4 f4 52. exf4 gxf4 53. Qxf4 e3 54. Qf1 e2 55. Qe1 Rf7 0-1

[Event "Early-Titled-Tuesday-Blitz-November-28-2023"]
[Site "Chess.com"]
[Date "2023.11.28"]
[Round "3"]
[White "Mikhail_Golubev"]
[Black "nicolochessit"]
[Result "0-1"]
[WhiteElo "2574"]
[BlackElo "2338"]
[TimeControl "180+1"]
[EndTime "8:29:04 PST"]
[Termination "nicolochessit won on time"]

1. e4 c6 2. Nf3 d5 3. Nc3 Bg4 4. h3 Bxf3 5. Qxf3 Nf6 6. d4 e6 7. Bd3 dxe4 8. Nxe4 Qxd4 9. Be3 Bb4+ 10. Ke2 Qd8 11.
Nxf6+ Qxf6 12. Qg4 Be7 13. Bd4 Qg5 14. Qxg5 Bxg5 15.
Bxg7 Rg8 16. Bd4 h5 17. h4 Be7 18. g3 Nd7 19. Rad1 Bf6 20. Be3 O-O-O 21. c3 a6 22.
Be4 Ne5 23. b3 Ng4 24. Bd2 Rd7 25. f3 Ne5 26. Bf4 Rgd8 27. Rxd7 Rxd7 28. Rd1 Ng6 29.
Bc1 Rxd1 30. Kxd1 Bxc3 31. Ke2 Be5 32. Kf2 f5 0-1

[Event "Early-Titled-Tuesday-Blitz-November-28-2023"]
[Site "Chess.com"]
[Date "2023.11.28"]
[Round "3"]
[White "Amirreza_p"]
[Black "TigrVShlyape"]
[Result "1-0"]
[WhiteElo "2752"]
[BlackElo "2971"]
[TimeControl "180+1"]
[EndTime "8:29:05 PST"]
[Termination "Amirreza_p won on time"]

1. e4 c5 2. c3 Nf6 3. e5 Nd5 4. d4 cxd4 5. cxd4 e6 6. Nf3 b6 7. Nc3 Nxc3 8. bxc3 Qc7 9. Bd2 Bb7 10. Bd3 d6 11. O-O Nd7 12. Re1 Be7 13. Rc1 dxe5 14.
Nxe5 Nxe5 15. Rxe5 O-O 16. Qh5 g6 17. Qh6 Bd6 18. Re2 Rfe8 19. h4 Bf8 20. Qg5 Bg7 21. h5 Rad8 22. Qh4 Rd5 23. hxg6 hxg6 24. Bg5 e5 25. c4 Ra5 26. d5 f5 27. Re3 e4 28.
Rg3 exd3 29. Bf6 Qf7 30. Bxg7 Qxg7 31. Rxd3 Rxa2 32. d6 Ra1 33. d7 Rxc1+ 34. Kh2 1-0

[Event "Early-Titled-Tuesday-Blitz-November-28-2023"]
[Site "Chess.com"]
[Date "2023.11.28"]
[Round "3"]
[White "baki83"]
[Black "tantaan"]
[Result "1-0"]
[WhiteElo "2818"]
[BlackElo "2357"]
[TimeControl "180+1"]
[EndTime "8:29:05 PST"]
[Termination "baki83 won by resignation"]

1. e4 c5 2. Nf3 e6 3. b3 a6 4.
Bb2 Nc6 5. g3 d5 6. exd5 exd5 7.
d4 Nf6 8. Bg2 Be7 9. O-O O-O 10.
dxc5 Bxc5 11. Nc3 h6 12. Ne2 Ne4 13. Nf4 Ne7 14. Ne5 Qb6 15. Ned3 Bd4 16. c4 dxc4 17. Bxe4 cxd3 18. Bxd4 Qxd4 19. Qxd3 Qxd3 20. Nxd3 Bf5 21.
Rfe1 Bxe4 22. Rxe4 Nd5 23. Nc5 b6 24. Re5 Nf6 25.
Na4 b5 26. Nc5 Rfd8 27. h3 Rd2 28. a4 b4 29. Rae1 a5 30. Nb7 Nd5 31. Re8+ Rxe8 32.
Rxe8+ Kh7 33. Nxa5 Nc3 34. Nc4 Rd1+ 35. Kg2 Rb1 36.
a5 Rxb3 37. a6 Nb5 38. Rb8 Rc3 39. Rxb5 Rxc4 40. a7 Rc8 41. Rxb4 Ra8 42. Ra4 Kg6 43. Kf3 Kf6 44. Ra6+ Ke7 45. Ke4 f6 46. Kf5 Kf7 47. h4 g6+ 48. Kf4 h5 49. Ke4 Ke7 50. Kd5 g5 51.
Ke4 gxh4 52. gxh4 Kf7 53. Kf5 Ke7 54. Kg6 1-0

[Event "Early-Titled-Tuesday-Blitz-November-28-2023"]
[Site "Chess.com"]
[Date "2023.11.28"]
[Round "3"]
[White "Road2GM3000"]
[Black "FM-to-GM"]
[Result "0-1"]
[WhiteElo "2498"]
[BlackElo "2667"]
[TimeControl "180+1"]
[EndTime "8:29:06 PST"]
[Termination "FM-to-GM won by resignation"]

1. d4 d5 2. c4 c6 3. Nc3 Nf6 4.
Nf3 dxc4 5. a4 Bf5 6. Nh4 e6 7.
Nxf5 exf5 8. e3 Bd6 9. Bxc4 O-O 10. Qc2 g6 11. O-O Qe7 12. b3 Re8 13. Bb2 h5 14. h3 Nbd7 15. a5 Nf8 16. Qe2 a6 17. Qf3 N8h7 18. Qd1 Ng5 19. Ne2 Nfe4 20. d5 c5 21. Nf4 Rad8 22. Qc2 Be5 23. Bxe5 Qxe5 24. Rfd1 Nd6 25. Nd3 Qf6 26. Nxc5 Rc8 27. Nd3 Nge4 28.
Ne1 Nc3 29. Rdc1 Nxd5 30. Qd2 Ne7 31. Nf3 Red8 32. Qe2 Ne4 33. Nd4 Nc6 34. Nxc6 Rxc6 35. Rd1 Rcd6 36. Rxd6 Rxd6 37. Rc1 Rd2 38. Qe1 Rxf2 39.
Bd5 Rb2 40. Rc8+ Kh7 41. Rc7 Qg5 42. Rxf7+ Kh6 43. Bxe4 fxe4 44. g4 Rxb3 45. Kf2 Rb2+ 46. Kf1 Qb5+ 47. Kg1 Rb1 48. h4 Rxe1+ 49. Kf2 Qe2+ 50.
Kg3 Rg1+ 51. Kf4 Rxg4+ 0-1

[Event "Early-Titled-Tuesday-Blitz-November-28-2023"]
[Site "Chess.com"]
[Date "2023.11.28"]
[Round "3"]
[White "esrosenberg"]
[Black "DanylaBagrov"]
[Result "0-1"]
[WhiteElo "2403"]
[BlackElo "2577"]
[TimeControl "180+1"]
[EndTime "8:29:06 PST"]
[Termination "DanylaBagrov won by checkmate"]

1. d4 d6 2. e4 Nf6 3. Nc3 e5 4.
dxe5 dxe5 5. Qxd8+ Kxd8 6. Bc4 Be6 7. Bxe6 fxe6 8. f3 Bc5 9. Bg5 Ke7 10. O-O-O h6 11. Bh4 g5 12. Bg3 Nbd7 13. Nh3 Nh5 14. Bf2 Bxf2 15. Nxf2 Nf4 16. Rhg1 Rhf8 17. Kb1 h5 18.
Rd2 a6 19. Rgd1 Nb6 20. Nh1 h4 21. b3 h3 22. g3 Ng6 23. Rd3 g4 24. Nf2 gxf3 25.
Nxh3 Rh8 26. Ng5 Rxh2 27. Rxf3 Rf8 28. Rdf1 Rxf3 29. Rxf3 Nd7 30. Rf7+ Kd6 31. Rg7 Ngf8 32. Nf7+ Kc5 33. Kb2 Kd4 34. Ng5 Rg2 35. Nxe6+ Nxe6 36.
Rxd7+ Ke3 37. Re7 Nd4 38. Nd5+ Kxe4 39. Nxc7 Nxc2 40. Kc3 Nd4 41. Ne8 a5 42. Kc4 Rc2# 0-1

[Event "Early-Titled-Tuesday-Blitz-November-28-2023"]
[Site "Chess.com"]
[Date "2023.11.28"]
[Round "3"]
[White "C_K_G"]
[Black "Tsomaia_Nikoloz"]
[Result "1-0"]
[WhiteElo "2167"]
[BlackElo "2365"]
[TimeControl "180+1"]
[EndTime "8:29:06 PST"]
[Termination "C_K_G won on time"]

1. e4 e5 2. Nf3 Nc6 3. Bc4 Bc5 4. c3 Nf6 5. d4 exd4 6. cxd4 Bb4+ 7. Nc3 Nxe4 8. O-O Bxc3 9. d5 Ne7 10. bxc3 d6 11.
Re1 Nf6 12. Bg5 Bd7 13. Bxf6 gxf6 14. Qd4 Kf8 15. Qxf6 Ng6 16. Qd4 Rg8 17. Bd3 b6 18.
Re3 h5 19. h4 Bg4 20. Ng5 Rg7 21. g3 Ne5 22. Qf4 Kg8 23. Rae1 f6 24. Ne6 Bxe6 25. dxe6 Qe7 26. Bf5 c6 27. c4 Rd8 28.
Rd1 Qf8 29. Qe4 Re7 30. Kg2 Qg7 31. Re2 Ng4 32. Red2 Ree8 33. Rxd6 Rxd6 34. Rxd6 Ne5 35. f4 Ng4 36. Rd7 Qf8 37. Bxg4 1-0

[Event "Early-Titled-Tuesday-Blitz-November-28-2023"]
[Site "Chess.com"]
[Date "2023.11.28"]
[Round "3"]
[White "andrzej"]
[Black "Aguiar94"]
[Result "0-1"]
[WhiteElo "2469"]
[BlackElo "2635"]
[TimeControl "180+1"]
[EndTime "8:29:08 PST"]
[Termination "Aguiar94 won on time"]

1. e4 c5 2. Nf3 e6 3. d4 cxd4 4. Nxd4 Nc6 5. Bf4 Nf6 6. Nb5 e5 7. Bg5 a6 8. Nd6+ Bxd6 9. Qxd6 Nxe4 10. Bxd8 Nxd6 11. Bc7 Nf5 12. Bd3 d5 13. Nc3 e4 14. Be2 Be6 15. O-O-O Rc8 16. Bb6 Nce7 17.
Bg4 Nh4 18. h3 f5 19. Bh5+ g6 20. Be2 Nxg2 21. Bd4 O-O 22. h4 Nf4 23. h5 Nxe2+ 24. Nxe2 f4 25. Be5 Bg4 26. Rde1 Bxe2 27. Rxe2 Rf5 28.
Bd6 Nc6 29. hxg6 hxg6 30. Rh4 g5 31. Rg4 Kf7 32. Re1 Nd4 33. c3 Nf3 34. Rh1 Ke6 35.
Bb4 Rf6 36. Rh7 Kf5 37. Rg2 b6 38. Rg7 d4 39. Kd1 a5 40. Be7 Rg6 41. Rxg6 Kxg6 42. Ba3 d3 43. Bd6 Kf5 44. a4 Rh8 0-1

[Event "Early-Titled-Tuesday-Blitz-November-28-2023"]
[Site "Chess.com"]
[Date "2023.11.28"]
[Round "3"]
[White "GMJustin"]
[Black "noblerone"]
[Result "1-0"]
[WhiteElo "2289"]
[BlackElo "2529"]
[TimeControl "180+1"]
[EndTime "8:29:08 PST"]
[Termination "GMJustin won by resignation"]

1. d4 d5 2. c4 c6 3. cxd5 cxd5 4. Nc3 Nf6 5. f3 Nc6 6. e4 e6 7. e5 Ng8 8. f4 Nge7 9. Nf3 Nf5 10. g4 Nh4 11. Be3 Be7 12. Bd3 Qb6 13. O-O Qxb2 14. Ne2 Qb6 15. Rb1 Qa5 16. Nxh4 Bxh4 17. f5 h6 18. Qb3 Qc7 19. Kg2 Rb8 20. Nf4 Qe7 21. fxe6 Bxe6 22. Nxe6 Qxe6 23. Bf5 Qe7 24. Qxd5 Rd8 25.
Qe4 Bg5 26. e6 f6 27. Bg6+ Kf8 28. d5 Bxe3 29. dxc6 Bb6 30. cxb7 Rb8 31. Rfc1 h5 32. Rc8+ Bd8 33. Rxb8 hxg4 34. Rxd8+ Qxd8 35. b8=Q Rxh2+ 36. Kxh2 Ke7 37. Qxd8+ 1-0

[Event "Early-Titled-Tuesday-Blitz-November-28-2023"]
[Site "Chess.com"]
[Date "2023.11.28"]
[Round "3"]
[White "Russian_berezka"]
[Black "GrumbleBruno"]
[Result "1-0"]
[WhiteElo "2609"]
[BlackElo "2424"]
[TimeControl "180+1"]
[EndTime "8:29:09 PST"]
[Termination "Russian_berezka won by resignation"]

1. d4 Nf6 2. c4 c5 3. d5 Ne4 4. Qc2 Qa5+ 5. Nd2 Nd6 6. e4 g6 7. Nf3 Bg7 8. Bd3 Na6 9. O-O Nb4 10. Qb1 Nxd3 11. Qxd3 b5 12. cxb5 Qxb5 13. Qc2 Ba6 14. Re1 O-O 15. Nb3 Nc4 16. h4 d6 17. Bg5 Rfe8 18.
Rab1 Rab8 19. Nfd2 Nxd2 20. Qxd2 Qd3 21. Qf4 Be5 22.
Qg4 Bc8 23. Qe2 Qxe2 24. Rxe2 c4 25. Na5 Bd7 26. Nxc4 Bb5 27. Rc2 Rec8 28. Rbc1 Bxc4 29. Rxc4 Rxc4 30. Rxc4 f6 31. Be3 Rxb2 32. f4 Rb1+ 33. Kf2 Rb2+ 34. Kf3 Rxa2 35. fxe5 fxe5 36. Rc7 Kf7 37. Bg5 Ra3+ 38. Kf2 h6 39. Bxe7 Ke8 40. Bxd6 1-0

[Event "Early-Titled-Tuesday-Blitz-November-28-2023"]
[Site "Chess.com"]
[Date "2023.11.28"]
[Round "3"]
[White "Manukyan_Artak"]
[Black "MelihKaanCan"]
[Result "0-1"]
[WhiteElo "2571"]
[BlackElo "2422"]
[TimeControl "180+1"]
[EndTime "8:29:09 PST"]
[Termination "MelihKaanCan won by resignation"]

1. e4 e5 2. Nf3 Nf6 3. Nxe5 d6 4. Nf3 Nxe4 5. Nc3 Nxc3 6. dxc3 Be7 7. Bf4 Nd7 8. Bd3 Nc5 9. Qd2 Be6 10. O-O-O Qd7 11.
Kb1 Nxd3 12. cxd3 Qa4 13. b3 Qa6 14. Nd4 O-O-O 15. Rhe1 Bf6 16. Nxe6 fxe6 17. Rxe6 Qa5 18. Kb2 Qd5 19. Re4 Rhe8 20. Rde1 Rxe4 21. Rxe4 Qc5 22. Be3 Qa5 23. Ra4 Qd5 24. Rxa7 Qxg2 25. Ra8+ Kd7 26.
Rxd8+ Kxd8 27. f4 Qh3 28. a4 h5 29. b4 h4 30. a5 Qf5 31. Kb3 h3 32. c4 Kc8 33. b5 Qg4 34. a6 bxa6 35. bxa6 Qf3 36. a7 c5 37. Ka4 Qc6+ 38. Kb3 Qb7+ 39. Kc2 Qxa7 40. Kd1 Qa1+ 41. Ke2 Qh1 42. Qa5 Qxh2+ 43. Ke1 Qh1+ 44. Kd2 Qg2+ 45. Kd1 h2 46. Qa6+ Qb7 0-1

[Event "Early-Titled-Tuesday-Blitz-November-28-2023"]
[Site "Chess.com"]
[Date "2023.11.28"]
[Round "3"]
[White "Volodar_Murzin"]
[Black "WoolworthsManly"]
[Result "1-0"]
[WhiteElo "2905"]
[BlackElo "2687"]
[TimeControl "180+1"]
[EndTime "8:29:10 PST"]
[Termination "Volodar_Murzin won by resignation"]

1. Nf3 d5 2. g3 Nf6 3. Bg2 Nc6 4. O-O e5 5. d3 Be7 6. Nbd2 O-O 7. e4 Re8 8. Re1 Bf8 9. a4 dxe4 10. dxe4 Nd4 11. c3 Nxf3+ 12. Qxf3 Be6 13. Qe2 Nd7 14. Nc4 f6 15. Rd1 Qe7 16. Na5 Nc5 17. Be3 Nb3 18.
Nxb3 Bxb3 19. Rd2 Qf7 20. a5 a6 21. h4 Rad8 22. Bf1 Be7 23. Bh3 Rxd2 24. Bxd2 Rd8 25. Be3 Qf8 26. h5 Bc5 27. Bf5 Bxe3 28. Qxe3 Qd6 29. Kg2 Qd2 30. Qa7 Qxb2 31. Qxb7 Qxa1 32. Qxb3+ Kh8 33. h6 Qc1 34. hxg7+ Kxg7 35. Qc4 Rf8 36.
Be6 Qa3 37. Qxc7+ Kh6 38. Bf5 Rh8 39. c4 Qf8 40. c5 Qd8 41. Qb6 Rg8 42. c6 Qd3 43. c7 Rxg3+ 44. fxg3 Qe2+ 45. Qf2 Qc4 46. c8=Q 1-0

[Event "Early-Titled-Tuesday-Blitz-November-28-2023"]
[Site "Chess.com"]
[Date "2023.11.28"]
[Round "3"]
[White "fighter2jz"]
[Black "Firouzja2003"]
[Result "1-0"]
[WhiteElo "2831"]
[BlackElo "3041"]
[TimeControl "180+1"]
[EndTime "8:29:11 PST"]
[Termination "fighter2jz won on time"]

1. e4 c5 2. Nf3 d6 3. d4 cxd4 4. Nxd4 Nf6 5. Nc3 Nc6 6. Bg5 e6 7. Qd2 a6 8. O-O-O Bd7 9. f3 Be7 10. h4 h6 11. Be3 h5 12. Bg5 Nxd4 13. Qxd4 Qc7 14. Bc4 b5 15. Bb3 a5 16. a4 b4 17.
Ne2 e5 18. Qd3 Be6 19. Bxf6 gxf6 20. Kb1 Rg8 21. Rhg1 Kd7 22. f4 Rac8 23. fxe5 fxe5 24. Ng3 Bxb3 25. cxb3 Rxg3 26. Qxg3 Qc2+ 27. Ka1 Qxe4 28. Rge1 Bxh4 29. Qh3+ Qg4 30. Rxe5 Qxh3 31. gxh3 Rc1+ 32. Rxc1 dxe5 33. Rc5 Ke6 34. Kb1 f5 35. Kc2 e4 36.
Kd2 f4 37. Rxh5 Bf6 38. Rxa5 Bd4 39. Ra8 f3 40. Rf8 1-0

[Event "Early-Titled-Tuesday-Blitz-November-28-2023"]
[Site "Chess.com"]
[Date "2023.11.28"]
[Round "3"]
[White "AljoschaFeuerstack"]
[Black "Khromkin"]
[Result "1-0"]
[WhiteElo "2649"]
[BlackElo "2489"]
[TimeControl "180+1"]
[EndTime "8:29:13 PST"]
[Termination "AljoschaFeuerstack won on time"]

1. e4 c5 2. Nf3 Nc6 3. d3 g6 4.
g3 Bg7 5. Bg2 e5 6. O-O Nge7 7. c3 O-O 8. a3 d5 9. Nbd2 h6 10. Re1 Be6 11. exd5 Nxd5 12. Nc4 Qc7 13. Bd2 b5 14. Ne3 Nde7 15. b4 Rfd8 16. Qc2 Rac8 17.
bxc5 Na5 18. c4 bxc4 19. Nxc4 Nxc4 20. dxc4 e4 21. Qxe4 Bxa1 22. Rxa1 Nf5 23. g4 Nh4 24. Bxh6 Nxf3+ 25. Qxf3 Qe5 26. Rf1 Rd4 27. h3 g5 28. Qe3 Qxe3 29. fxe3 Rxc4 30. Bxg5 R8xc5 31. Bf6 Rc1 32. Bd4 Rxf1+ 33. Bxf1 Rc1 34. Kf2 Bc4 35. Bxc4 Rxc4 36. Bxa7 Rc3 37. a4 Ra3 38. Bd4 Rxa4 39. h4 Kh7 40. h5 Ra5 41. Kg3 Kh6 42. Kf4 1-0

[Event "Early-Titled-Tuesday-Blitz-November-28-2023"]
[Site "Chess.com"]
[Date "2023.11.28"]
[Round "3"]
[White "Statham_l3"]
[Black "giomar27"]
[Result "0-1"]
[WhiteElo "2593"]
[BlackElo "2451"]
[TimeControl "180+1"]
[EndTime "8:29:13 PST"]
[Termination "giomar27 won on time"]

1. e4 e5 2. Nf3 Nc6 3. Nc3 Nf6 4. Be2 d5 5. exd5 Nxd5 6. O-O Be7 7. d4 Nxc3 8. bxc3 e4 9. Nd2 f5 10. Bc4 Na5 11. Be2 O-O 12. f3 exf3 13. Nxf3 Be6 14.
Bf4 Nc4 15. Re1 g5 16. Bxc4 Bxc4 17. Rxe7 Qxe7 18. Bxg5 Qe2 19. Qxe2 Bxe2 20. Ne5 Bh5 21. Rb1 b6 22. Re1 Rfe8 23. Re3 Bg6 24. Rg3 Re6 25.
h4 Kf8 26. Bf4 Rd8 27. Rg5 c5 28. h5 cxd4 29. hxg6 hxg6 30. Nxg6+ Ke8 31. cxd4 Rxd4 32.
g3 Re2 33. Kf1 Rxc2 34. Ke1 Rb4 0-1

[Event "Early-Titled-Tuesday-Blitz-November-28-2023"]
[Site "Chess.com"]
[Date "2023.11.28"]
[Round "3"]
[White "Aleksandar-Topalov"]
[Black "BarloNadera"]
[Result "1-0"]
[WhiteElo "2372"]
[BlackElo "2110"]
[TimeControl "180+1"]
[EndTime "8:29:13 PST"]
[Termination "Aleksandar-Topalov won on time"]

1. b3 a5 2. a3 b6 3. Bb2 Bb7 4. Nf3 Nf6 5. g3 g6 6. Bg2 Bg7 7. O-O O-O 8. d3 c5 9. a4 Nc6 10. Na3 d5 11. Ne5 Nxe5 12. Bxe5 Qd7 13. c4 d4 14. Bxb7 Qxb7 15. Nb5 Qc8 16. e3 dxe3 17. fxe3 Qh3 18. Qe2 Rac8 19. Rad1 Rc6 20. Bxf6 Bxf6 21. d4 Re6 22. d5 Re4 23. Rf4 Re5 24. Qf2 Bg5 25.
Rf3 Qg4 26. Re1 h5 27. Nc3 h4 28. Kg2 h3+ 29. Kg1 Kg7 30. Rf1 f5 31. Rf4 Qh5 32. Qf3 Bxf4 33. Qxh5 Bxe3+ 34. Kh1 gxh5 35. Nb5 f4 36. Rf3 1-0